[Event "9th Holuj-Radzikowska Rapid 19"]
[Site "Wroclaw"]
[Date "2019.12.07"]
[Round "3"]
[White "Socko, Monika"]
[Black "Bulmaga, Irina"]
[Result "1-0"]
[ECO "E12"]
[WhiteElo "2407"]
[BlackElo "2434"]
[Annotator "NA"]
[PlyCount "89"]
[EventDate "2019.12.06"]
[EventType "team-tourn"]
[EventCountry "POL"]
[SourceTitle "playchess.com"]
[Source "ChessBase"]
[SourceQuality "1"]
[WhiteTeam "Team Poland"]
[BlackTeam "Team World"]
[TimeControl "900+10"]

1. d4 Nf6 2. c4 e6 3. Nf3 b6 4. Bf4 Bb7 5. e3 g6 6. Nc3 Bg7 7. h3 d6 8. Be2 O-O 9. Qc2 Nbd7 10. O-O Qe7 11. Rfd1 h6 12. Bh2 c6 13. b4 e5 14. dxe5 dxe5 15. b5 cxb5 16. Nxb5 Ne4 17. Nd2 Nxd2 18. Rxd2 Nc5 19. Nc3 Rac8 20. Nd5 Qe6 21. e4 f5 22. exf5 gxf5 23. Re1 Ne4 24. Rdd1 Bxd5 25. cxd5 Qd6 26. Qb2 Rc5 27. Bd3 Nc3 28. Rc1 Rfc8 29. Bxf5 Na4 30. Qd2 Rxc1 31. Rxc1 Rxc1+ 32. Qxc1 Qxd5 33. Qc8+ Kf7 34. Bg3 Nc5 35. Qc7+ Kf6 36. Bh7 Ne6 37. Bh4+ Ng5 38. Qxa7 Qd1+ 39. Kh2 Qd6 40. Bg8 Kg6 41. Bg3 h5 42. Qb7 Qd4 43. h4 Ne4 44. Qf7+ Kh6 45. Qf5 1-0

[Event "9th Holuj-Radzikowska Rapid 19"]
[Site "Wroclaw"]
[Date "2019.12.07"]
[Round "3"]
[White "Zawadzka, Jolanta"]
[Black "Bodnaruk, Anastasia"]
[Result "1-0"]
[ECO "B52"]
[WhiteElo "2400"]
[BlackElo "2413"]
[Annotator "NA"]
[PlyCount "99"]
[EventDate "2019.12.06"]
[EventType "team-tourn"]
[EventCountry "POL"]
[SourceTitle "playchess.com"]
[Source "ChessBase"]
[SourceQuality "1"]
[WhiteTeam "Team Poland"]
[BlackTeam "Team World"]
[TimeControl "900+10"]

1. e4 c5 2. Nf3 d6 3. Bb5+ Bd7 4. Bxd7+ Qxd7 5. O-O Nc6 6. c3 Nf6 7. Qe2 e6 8. d4 cxd4 9. cxd4 d5 10. e5 Ne4 11. Be3 Be7 12. Ne1 f6 13. f3 Ng5 14. Nd3 fxe5 15. dxe5 O-O 16. Nd2 b6 17. f4 Nf7 18. Nf3 Nh6 19. Kh1 Rac8 20. Rac1 Rc7 21. Nd4 Nxd4 22. Bxd4 Rc4 23. Bf2 Rfc8 24. b3 Rxc1 25. Rxc1 Rxc1+ 26. Nxc1 Qc6 27. Nd3 Qc3 28. h3 Nf5 29. Kh2 Ba3 30. g4 Ne7 31. Qf3 Nc6 32. Kg2 Be7 33. Qe2 g6 34. f5 Nd4 35. Bxd4 Qxd4 36. fxe6 Kf8 37. Qf2+ Qxf2+ 38. Kxf2 g5 39. b4 a5 40. a3 axb4 41. axb4 d4 42. Kf3 Bd8 43. Ke4 Ke7 44. Kd5 b5 45. Nc5 Bb6 46. Kxd4 h6 47. Kd5 Bc7 48. Ne4 Bb6 49. Nd6 {B} Be3 50. Nf5+ 1-0

[Event "9th Holuj-Radzikowska Rapid 19"]
[Site "Wroclaw"]
[Date "2019.12.07"]
[Round "3"]
[White "Badelka, Olga"]
[Black "Antolak, Julia"]
[Result "1-0"]
[ECO "A53"]
[WhiteElo "2399"]
[BlackElo "2249"]
[Annotator "NA"]
[PlyCount "112"]
[EventDate "2019.12.06"]
[EventType "team-tourn"]
[EventCountry "POL"]
[SourceTitle "playchess.com"]
[Source "ChessBase"]
[SourceQuality "1"]
[WhiteTeam "Team World"]
[BlackTeam "Team Poland"]
[TimeControl "900+10"]

1. d4 Nf6 2. c4 d6 3. Nc3 Nbd7 4. Nf3 e5 5. Bg5 c6 6. e3 Be7 7. Be2 O-O 8. O-O Re8 9. Qc2 Qc7 10. Rfd1 Nf8 11. dxe5 dxe5 12. Bxf6 Bxf6 13. Ne4 Be7 14. c5 Bf5 15. Nf6+ Bxf6 16. Qxf5 e4 17. Nd4 Re5 18. Qg4 Rae8 19. Rac1 Rg5 20. Qh3 Qe5 21. g3 h5 22. b4 Ng6 23. a4 Be7 24. Qd7 Rb8 25. b5 cxb5 26. c6 Rd8 27. Qxb7 h4 28. c7 hxg3 29. cxd8=Q+ Bxd8 30. hxg3 Rxg3+ 31. fxg3 Qxg3+ 32. Kf1 Qh3+ 33. Ke1 Ba5+ 34. Rd2 Qxe3 35. Qb8+ Nf8 36. Rcc2 Qxd4 37. Qxb5 Qg1+ 38. Bf1 Qg3+ 39. Kd1 Bxd2 40. Rxd2 Qf3+ 41. Be2 Qc3 42. Qb2 Qg3 43. Qb7 Qg1+ 44. Kc2 Qc5+ 45. Kb1 e3 46. Rc2 Qd4 47. a5 Ne6 48. Qa8+ Kh7 49. Qh1+ Kg6 50. Bh5+ Kf6 51. Qf3+ Ke7 52. Qxf7+ Kd6 53. Qb7 Ke5 54. Qb5+ Kd6 55. Be2 g5 56. Qd3 Kd5 1-0

[Event "9th Holuj-Radzikowska Rapid 19"]
[Site "Wroclaw"]
[Date "2019.12.07"]
[Round "4"]
[White "Bulmaga, Irina"]
[Black "Cyfka, Karina"]
[Result "1/2-1/2"]
[ECO "C43"]
[WhiteElo "2434"]
[BlackElo "2410"]
[Annotator "NA"]
[PlyCount "126"]
[EventDate "2019.12.06"]
[EventType "team-tourn"]
[EventCountry "POL"]
[SourceTitle "playchess.com"]
[Source "ChessBase"]
[SourceQuality "1"]
[WhiteTeam "Team World"]
[BlackTeam "Team Poland"]
[TimeControl "900+10"]

1. e4 e5 2. Nf3 Nf6 3. d4 Nxe4 4. Bd3 d5 5. dxe5 Nc5 6. O-O Nxd3 7. Qxd3 Be7 8. Nc3 c6 9. Ne2 Na6 10. Ng3 Nc5 11. Qe3 g6 12. c3 h5 13. h3 h4 14. Ne2 Ne6 15. Rd1 Qb6 16. Nfd4 c5 17. Nf3 Qc6 18. Qd3 Nc7 19. Bg5 Bf5 20. Qd2 Bxg5 21. Nxg5 Ne6 22. Nxe6 fxe6 23. Qg5 Qc7 24. Qf6 Rh7 25. c4 d4 26. b4 b6 27. bxc5 bxc5 28. Nf4 Qf7 29. Qxf7+ Rxf7 30. Nd3 Bxd3 31. Rxd3 Rb8 32. Rb3 Rxb3 33. axb3 Rf5 34. Re1 Kd7 35. Ra1 Rxe5 36. Rxa7+ Kc6 37. Kf1 Kb6 38. Ra2 Kc6 39. Rd2 Kb6 40. Ra2 Kc6 41. Ra6+ Kb7 42. Ra5 Kb6 43. Rb5+ Kc6 44. Rb8 Kc7 45. Ra8 Kb7 46. Ra5 Kb6 47. Ra2 g5 48. Ra8 Kb7 49. Ra5 Kb6 50. Rb5+ Kc6 51. Ra5 Kb6 52. Ra2 Re4 53. Ra8 e5 54. Rb8+ Kc6 55. Rc8+ Kb6 56. Rb8+ Kc7 57. Rb5 Kc6 58. Rb8 Kc7 59. Rb5 Kd6 60. Rb6+ Kd7 61. Rb7+ Kc6 62. Rb8 Kc7 63. Rb5 Kc6 1/2-1/2

[Event "9th Holuj-Radzikowska Rapid 19"]
[Site "Wroclaw"]
[Date "2019.12.07"]
[Round "4"]
[White "Bodnaruk, Anastasia"]
[Black "Socko, Monika"]
[Result "1-0"]
[ECO "B12"]
[WhiteElo "2413"]
[BlackElo "2407"]
[Annotator "NA"]
[PlyCount "107"]
[EventDate "2019.12.06"]
[EventType "team-tourn"]
[EventCountry "POL"]
[SourceTitle "playchess.com"]
[Source "ChessBase"]
[SourceQuality "1"]
[WhiteTeam "Team World"]
[BlackTeam "Team Poland"]
[TimeControl "900+10"]

1. e4 c6 2. d4 d5 3. e5 c5 4. c3 Nc6 5. Be2 Bf5 6. Nf3 e6 7. O-O Bg4 8. Nbd2 cxd4 9. Nxd4 Bxe2 10. Qxe2 Nxd4 11. cxd4 Ne7 12. b3 Nc6 13. Bb2 Be7 14. f4 Qb6 15. Nf3 O-O 16. g4 Rac8 17. Rac1 Nb4 18. a3 Qa6 19. Qxa6 Nxa6 20. Kf2 Rfd8 21. Ke3 Kf8 22. Kd3 Ke8 23. f5 Kd7 24. Ng1 Rxc1 25. Bxc1 Rc8 26. Ne2 Rf8 27. f6 gxf6 28. exf6 Bd6 29. g5 Nb8 30. Rf3 Nc6 31. Rh3 e5 32. dxe5 Nxe5+ 33. Kd2 Rh8 34. Nd4 Ng6 35. Kd1 Be5 36. Nf5 Ke6 37. Ng7+ Kd6 38. Bd2 d4 39. Rh6 Kd5 40. Nf5 Ke4 41. Ne7 Nf4 42. Rh4 Kf3 43. Bxf4 Bxf4 44. g6 fxg6 45. Nxg6 Rc8 46. Nxf4 Rf8 47. Nd5 d3 48. Rxh7 Ke4 49. Rd7 Rg8 50. f7 Rg1+ 51. Kd2 Rg2+ 52. Kc3 a5 53. Nf6+ Ke5 54. f8=Q 1-0

[Event "9th Holuj-Radzikowska Rapid 19"]
[Site "Wroclaw"]
[Date "2019.12.07"]
[Round "4"]
[White "Houska, Jovanka"]
[Black "Antolak, Julia"]
[Result "1-0"]
[ECO "A46"]
[WhiteElo "2412"]
[BlackElo "2249"]
[Annotator "ChessBase"]
[PlyCount "67"]
[EventDate "2019.12.06"]
[EventType "team-tourn"]
[EventCountry "POL"]
[SourceTitle "playchess.com"]
[Source "ChessBase"]
[SourceQuality "1"]
[WhiteTeam "Team World"]
[BlackTeam "Team Poland"]
[TimeControl "900+10"]

1. d4 Nf6 2. Nf3 d6 3. g3 Nbd7 4. Bg2 e5 5. dxe5 dxe5 6. O-O g6 7. a4 a5 8. Nc3 Bg7 9. Qd3 O-O 10. Rd1 Qe7 11. Bg5 c6 12. Qd6 Qxd6 13. Rxd6 Re8 14. Rad1 h6 15. Be3 Nf8 16. Nd2 Ng4 17. Bb6 Nd7 18. Nc4 Nxb6 19. Nxb6 Rb8 20. Nxc8 Rbxc8 21. Bh3 f5 22. Bxg4 fxg4 23. Rxg6 Rcd8 24. Rxg4 Rxd1+ 25. Nxd1 Rd8 26. Ne3 Kf7 27. Kf1 Bf6 28. h4 h5 29. Rc4 Ke6 30. Ke1 Be7 31. Re4 Rg8 32. f4 Rxg3 33. Rxe5+ Kf6 34. Rxe7 1-0

[Event "9th Holuj-Radzikowska Rapid 19"]
[Site "Wroclaw"]
[Date "2019.12.07"]
[Round "4"]
[White "Zawadzka, Jolanta"]
[Black "Arabidze, Meri"]
[Result "1-0"]
[ECO "B46"]
[WhiteElo "2400"]
[BlackElo "2435"]
[Annotator "ChessBase"]
[PlyCount "59"]
[EventDate "2019.12.06"]
[EventType "team-tourn"]
[EventCountry "POL"]
[SourceTitle "playchess.com"]
[Source "ChessBase"]
[SourceQuality "1"]
[WhiteTeam "Team Poland"]
[BlackTeam "Team World"]
[TimeControl "900+10"]

1. e4 c5 2. Nf3 e6 3. d4 cxd4 4. Nxd4 Nc6 5. Nc3 a6 6. Nxc6 bxc6 7. e5 Qc7 8. f4 d5 9. exd6 Bxd6 10. Ne4 Bxf4 11. Bxf4 Qxf4 12. Qd4 e5 13. Nd6+ Kf8 14. Qc5 Ne7 15. Bc4 f6 16. Rd1 Bg4 17. Rd2 h5 18. Rf1 Qxh2 19. Ne4 h4 20. Qd6 Ke8 21. Be6 Bxe6 22. Qxe6 Rd8 23. Rxd8+ Kxd8 24. Qd6+ Ke8 25. Qb8+ Kf7 26. Qxh8 Qxg2 27. Nxf6 Qg3+ 28. Kd1 Nf5 29. Qe8+ Kxf6 30. Qf8+ 1-0

[Event "9th Holuj-Radzikowska Rapid 19"]
[Site "Wroclaw"]
[Date "2019.12.07"]
[Round "4"]
[White "Majdan, Joanna"]
[Black "Badelka, Olga"]
[Result "1/2-1/2"]
[ECO "B24"]
[WhiteElo "2336"]
[BlackElo "2399"]
[Annotator "NA"]
[PlyCount "111"]
[EventDate "2019.12.06"]
[EventType "team-tourn"]
[EventCountry "POL"]
[SourceTitle "playchess.com"]
[Source "ChessBase"]
[SourceQuality "1"]
[WhiteTeam "Team Poland"]
[BlackTeam "Team World"]
[TimeControl "900+10"]

1. e4 c5 2. Nc3 Nc6 3. Bb5 Nd4 4. Nf3 Nxb5 5. Nxb5 a6 6. Nc3 d6 7. d4 cxd4 8. Qxd4 e5 9. Qd3 Be7 10. O-O Be6 11. Nd2 Rc8 12. Rd1 Nf6 13. Nf1 h6 14. Ne3 O-O 15. Bd2 Qb6 16. Be1 Rfd8 17. b3 Bf8 18. Rac1 Re8 19. a4 Nd7 20. Ncd5 Qd8 21. f3 Nc5 22. Qd2 g6 23. a5 f5 24. exf5 gxf5 25. Nc4 Bf7 26. Bf2 Re6 27. Ncb6 Rb8 28. b4 Nd7 29. Nxd7 Qxd7 30. c4 Rg6 31. Ba7 Re8 32. Qf2 Bxd5 33. Rxd5 Qe6 34. Qd2 e4 35. Re1 Rc8 36. c5 dxc5 37. Bxc5 Bxc5+ 38. bxc5 Qe7 39. Rxf5 Rxc5 40. Rxe4 Qc7 41. Qa2+ Kg7 42. Qb2+ Kh7 43. Rxc5 Qxc5+ 44. Kf1 b5 45. axb6 Rxb6 46. Re7+ Qxe7 47. Qxb6 Qa3 48. Kf2 a5 49. g4 a4 50. Qc7+ Kg8 51. Qd8+ Kg7 52. Qd7+ Kg8 53. Qe8+ Kg7 54. Qd7+ Kg8 55. Qe8+ Kg7 56. Qd7+ 1/2-1/2

[Event "9th Holuj-Radzikowska Rapid 19"]
[Site "Wroclaw"]
[Date "2019.12.07"]
[Round "4"]
[White "Sliwicka, Alicja"]
[Black "Zatonskih, Anna"]
[Result "1/2-1/2"]
[ECO "C47"]
[WhiteElo "2264"]
[BlackElo "2420"]
[Annotator "ChessBase"]
[PlyCount "35"]
[EventDate "2019.12.06"]
[EventType "team-tourn"]
[EventCountry "POL"]
[SourceTitle "playchess.com"]
[Source "ChessBase"]
[SourceQuality "1"]
[WhiteTeam "Team Poland"]
[BlackTeam "Team World"]
[TimeControl "900+10"]

1. e4 e5 2. Nf3 Nf6 3. Nc3 Nc6 4. a3 d5 5. Bb5 dxe4 6. Nxe5 Qd6 7. Nxc6 bxc6 8. Be2 Qe5 9. d4 exd3 10. Qxd3 Bd6 11. Be3 Bf5 12. Qc4 O-O 13. O-O-O Ne4 14. Nxe4 Bxe4 15. Bd4 Qg5+ 16. Be3 Qe5 17. Bd4 Qg5+ 18. Be3 1/2-1/2

[Event "9th Holuj-Radzikowska Rapid 19"]
[Site "Wroclaw"]
[Date "2019.12.07"]
[Round "5"]
[White "Zatonskih, Anna"]
[Black "Zawadzka, Jolanta"]
[Result "1-0"]
[ECO "D31"]
[WhiteElo "2420"]
[BlackElo "2400"]
[Annotator "NA"]
[PlyCount "75"]
[EventDate "2019.12.06"]
[EventType "team-tourn"]
[EventCountry "POL"]
[SourceTitle "playchess.com"]
[Source "ChessBase"]
[SourceQuality "1"]
[WhiteTeam "Team World"]
[BlackTeam "Team Poland"]
[TimeControl "900+10"]

1. d4 d5 2. c4 e6 3. Nc3 Bb4 4. e3 dxc4 5. Bxc4 a6 6. Nf3 b5 7. Bd3 Bb7 8. a4 c6 9. O-O Nf6 10. e4 Nbd7 11. e5 Nd5 12. Nxd5 cxd5 13. axb5 a5 14. Ng5 g6 15. Qf3 Qe7 16. Be3 h6 17. Qh3 O-O-O 18. Nf3 g5 19. Nd2 Kb8 20. Nb3 Rc8 21. Nxa5 Bxa5 22. Rxa5 Qb4 23. Rfa1 Rc7 24. b6 Qxb6 25. Rb5 Qc6 26. Bxg5 Nb6 27. Rc5 Qd7 28. Bb5 Qc8 29. Bf6 Rg8 30. Qa3 Rxc5 31. dxc5 Nc4 32. Qa7+ Kc7 33. c6 Qb8 34. cxb7 Qxb7 35. Bxc4 dxc4 36. Qxb7+ Kxb7 37. Rc1 Rc8 38. Kf1 1-0

[Event "9th Holuj-Radzikowska Rapid 19"]
[Site "Wroclaw"]
[Date "2019.12.07"]
[Round "5"]
[White "Bodnaruk, Anastasia"]
[Black "Majdan, Joanna"]
[Result "1-0"]
[ECO "B06"]
[WhiteElo "2413"]
[BlackElo "2336"]
[Annotator "NA"]
[PlyCount "65"]
[EventDate "2019.12.06"]
[EventType "team-tourn"]
[EventCountry "POL"]
[SourceTitle "playchess.com"]
[Source "ChessBase"]
[SourceQuality "1"]
[WhiteTeam "Team World"]
[BlackTeam "Team Poland"]
[TimeControl "900+10"]

1. e4 g6 2. d4 Bg7 3. Nc3 d6 4. Be3 a6 5. f4 b5 6. e5 Nd7 7. Nf3 Nh6 8. Bd3 c5 9. Be4 Rb8 10. dxc5 dxc5 11. Qd2 b4 12. Na4 Qc7 13. h3 Nf5 14. Bf2 Bb7 15. Bxb7 Rxb7 16. c4 bxc3 17. Nxc3 h5 18. O-O Qc6 19. Rfe1 O-O 20. Rac1 c4 21. Ne4 Qa4 22. a3 Rfb8 23. Rc2 Qc6 24. Qe2 Nb6 25. b4 Nd5 26. Rxc4 Qe8 27. Nc5 Rb6 28. g4 hxg4 29. hxg4 Nh6 30. Ng5 f6 31. Nge6 Bh8 32. Rd1 Qc6 33. Qd3 1-0

[Event "9th Holuj-Radzikowska Rapid 19"]
[Site "Wroclaw"]
[Date "2019.12.07"]
[Round "5"]
[White "Socko, Monika"]
[Black "Badelka, Olga"]
[Result "1-0"]
[ECO "D20"]
[WhiteElo "2407"]
[BlackElo "2399"]
[Annotator "NA"]
[PlyCount "85"]
[EventDate "2019.12.06"]
[EventType "team-tourn"]
[EventCountry "POL"]
[SourceTitle "playchess.com"]
[Source "ChessBase"]
[SourceQuality "1"]
[WhiteTeam "Team Poland"]
[BlackTeam "Team World"]
[TimeControl "900+10"]

1. d4 d5 2. c4 dxc4 3. e4 Nf6 4. e5 Nd5 5. Bxc4 Nb6 6. Bd3 Nc6 7. Ne2 Bg4 8. f3 Be6 9. Nbc3 Qd7 10. Ne4 Bd5 11. Nc5 Qc8 12. a3 e6 13. Qc2 Bxc5 14. Qxc5 a6 15. O-O Qd7 16. a4 Nc4 17. Bxc4 b6 18. Qa3 Bxc4 19. Qe3 Bxe2 20. Qxe2 Qxd4+ 21. Be3 Qxe5 22. Rac1 Ne7 23. f4 Qd6 24. Rcd1 Nd5 25. Bd4 O-O 26. f5 Rfe8 27. f6 e5 28. Be3 g6 29. Qf2 Kh8 30. Qh4 Rg8 31. Bh6 Qc5+ 32. Kh1 Rae8 33. Rf3 Qc2 34. Rc1 Qe2 35. Rh3 Qh5 36. Qc4 Qf5 37. Qxd5 Qxf6 38. Rf3 Qh4 39. Be3 f5 40. Rff1 Qe7 41. Qb7 Rc8 42. Bxb6 e4 43. Bd4+ 1-0

[Event "9th Holuj-Radzikowska Rapid 19"]
[Site "Wroclaw"]
[Date "2019.12.07"]
[Round "5"]
[White "Sliwicka, Alicja"]
[Black "Houska, Jovanka"]
[Result "1-0"]
[ECO "B12"]
[WhiteElo "2264"]
[BlackElo "2412"]
[Annotator "NA"]
[PlyCount "53"]
[EventDate "2019.12.06"]
[EventType "team-tourn"]
[EventCountry "POL"]
[SourceTitle "playchess.com"]
[Source "ChessBase"]
[SourceQuality "1"]
[WhiteTeam "Team Poland"]
[BlackTeam "Team World"]
[TimeControl "900+10"]

1. e4 c6 2. d4 d5 3. e5 Bf5 4. c4 e6 5. Nc3 Ne7 6. a3 dxc4 7. Bxc4 Nd7 8. Nge2 Nb6 9. Bb3 Bg6 10. O-O Ned5 11. Ng3 Be7 12. f4 Nxc3 13. bxc3 Qd7 14. Qf3 Nd5 15. c4 Nb6 16. d5 Bc5+ 17. Kh1 Bd4 18. Ra2 a5 19. Be3 Bxe3 20. Qxe3 Ra6 21. Rd2 a4 22. dxe6 fxe6 23. Rxd7 Kxd7 24. f5 exf5 25. e6+ Kc8 26. Ba2 Re8 27. Nxf5 1-0

[Event "9th Holuj-Radzikowska Rapid 19"]
[Site "Wroclaw"]
[Date "2019.12.07"]
[Round "5"]
[White "Antolak, Julia"]
[Black "Bulmaga, Irina"]
[Result "1/2-1/2"]
[ECO "C92"]
[WhiteElo "2249"]
[BlackElo "2434"]
[Annotator "NA"]
[PlyCount "133"]
[EventDate "2019.12.06"]
[EventType "team-tourn"]
[EventCountry "POL"]
[SourceTitle "playchess.com"]
[Source "ChessBase"]
[SourceQuality "1"]
[WhiteTeam "Team Poland"]
[BlackTeam "Team World"]
[TimeControl "900+10"]

1. e4 e5 2. Nf3 Nc6 3. Bb5 a6 4. Ba4 Nf6 5. O-O b5 6. Bb3 Be7 7. Re1 O-O 8. c3 d6 9. h3 Bb7 10. d4 Nd7 11. Nbd2 exd4 12. cxd4 Bf6 13. Nf1 Na5 14. Bc2 Re8 15. Ng3 g6 16. b3 c5 17. Bb2 Nc6 18. Rb1 cxd4 19. Nxd4 Nxd4 20. Bxd4 Rc8 21. Rc1 Bxd4 22. Qxd4 Qf6 23. Qxf6 Nxf6 24. Bd3 Rxc1 25. Rxc1 Nxe4 26. Nxe4 Bxe4 27. Bxe4 Rxe4 28. Rc6 Re1+ 29. Kh2 a5 30. Ra6 Re2 31. Rxa5 Rxf2 32. a3 Ra2 33. Rxb5 Rxa3 34. Rb6 Kf8 35. Rxd6 Rxb3 36. Rd2 h5 37. h4 Ke7 38. Rf2 Re3 39. g3 Ke6 40. Kg2 f6 41. Ra2 Rd3 42. Re2+ Kf5 43. Rf2+ Ke5 44. Re2+ Kd5 45. Rf2 f5 46. Ra2 Ke4 47. Ra6 f4 48. gxf4 Kf5 49. Rb6 Re3 50. Ra6 Rb3 51. Rc6 Rb4 52. Kg3 Rb3+ 53. Kg2 Re3 54. Ra6 Rc3 55. Rb6 Rc2+ 56. Kg3 Rc1 57. Kg2 Re1 58. Ra6 Re6 59. Rxe6 Kxe6 60. Kf2 Kd6 61. Ke3 Ke6 62. Ke4 Kf6 63. Ke3 Ke7 64. Kd3 Kd7 65. Ke3 Kd6 66. Kd4 Ke6 67. Ke4 {[%emt 0:00:01] Ke5+} 1/2-1/2

[Event "9th Holuj-Radzikowska Rapid 19"]
[Site "Wroclaw"]
[Date "2019.12.07"]
[Round "6"]
[White "Bulmaga, Irina"]
[Black "Sliwicka, Alicja"]
[Result "0-1"]
[ECO "B56"]
[WhiteElo "2434"]
[BlackElo "2264"]
[Annotator "NA"]
[PlyCount "64"]
[EventDate "2019.12.06"]
[EventType "team-tourn"]
[EventCountry "POL"]
[SourceTitle "playchess.com"]
[Source "ChessBase"]
[SourceQuality "1"]
[WhiteTeam "Team World"]
[BlackTeam "Team Poland"]
[TimeControl "900+10"]

1. e4 c5 2. Nf3 d6 3. d4 Nf6 4. Nc3 cxd4 5. Nxd4 Bd7 6. Bg5 e6 7. Bxf6 Qxf6 8. Ndb5 Bxb5 9. Bxb5+ Nc6 10. O-O Be7 11. f4 O-O 12. Kh1 a6 13. Bd3 Rac8 14. a3 Qh6 15. Qf3 Bf6 16. Nd1 Nd4 17. Qf2 e5 18. Ne3 Qxf4 19. Qg1 Qh4 20. c3 Ne6 21. g3 Qg5 22. Rf5 Qg6 23. h4 Bd8 24. Rd1 Nc5 25. h5 Qh6 26. Bc4 Bg5 27. Nd5 Qxh5+ 28. Kg2 Qg4 29. Re1 Nxe4 30. Rxg5 Nxg5 31. Ne7+ Kh8 32. Bd5 Rce8 0-1

[Event "9th Holuj-Radzikowska Rapid 19"]
[Site "Wroclaw"]
[Date "2019.12.07"]
[Round "6"]
[White "Houska, Jovanka"]
[Black "Socko, Monika"]
[Result "0-1"]
[ECO "E17"]
[WhiteElo "2412"]
[BlackElo "2407"]
[Annotator "NA"]
[PlyCount "92"]
[EventDate "2019.12.06"]
[EventType "team-tourn"]
[EventCountry "POL"]
[SourceTitle "playchess.com"]
[Source "ChessBase"]
[SourceQuality "1"]
[WhiteTeam "Team World"]
[BlackTeam "Team Poland"]
[TimeControl "900+10"]

1. d4 Nf6 2. Nf3 e6 3. c4 b6 4. g3 Bb7 5. Bg2 Be7 6. O-O O-O 7. Re1 a5 8. Nc3 Ne4 9. Bd2 Na6 10. a3 f5 11. Qc2 Qc8 12. Rad1 Bf6 13. Bf4 d6 14. Nxe4 Bxe4 15. Qc1 Qb7 16. Bg5 Rae8 17. Bf1 Nb8 18. Bg2 Nd7 19. b4 axb4 20. axb4 Ra8 21. Bxf6 Nxf6 22. Qb2 Qc6 23. b5 Qxc4 24. Nd2 Qa2 25. Qxa2 Rxa2 26. Nxe4 fxe4 27. Rc1 Rf7 28. Bh3 Re7 29. Rxc7 Rxc7 30. Bxe6+ Kf8 31. Bxa2 Rc2 32. Ra1 d5 33. g4 g5 34. h4 h6 35. hxg5 hxg5 36. f3 Rxe2 37. fxe4 Rxe4 38. Rc1 Rxg4+ 39. Kf1 Rxd4 40. Rc6 Ne4 41. Bb3 Nd2+ 42. Ke2 Nxb3 43. Rxb6 Ke7 44. Rg6 g4 45. b6 Nc5 46. Rc6 Ne6 0-1

[Event "9th Holuj-Radzikowska Rapid 19"]
[Site "Wroclaw"]
[Date "2019.12.07"]
[Round "6"]
[White "Cyfka, Karina"]
[Black "Bodnaruk, Anastasia"]
[Result "1-0"]
[ECO "E81"]
[WhiteElo "2410"]
[BlackElo "2413"]
[Annotator "NA"]
[PlyCount "157"]
[EventDate "2019.12.06"]
[EventType "team-tourn"]
[EventCountry "POL"]
[SourceTitle "playchess.com"]
[Source "ChessBase"]
[SourceQuality "1"]
[WhiteTeam "Team Poland"]
[BlackTeam "Team World"]
[TimeControl "900+10"]

1. d4 Nf6 2. c4 g6 3. Nc3 Bg7 4. e4 d6 5. f3 O-O 6. Nge2 c5 7. Be3 Nc6 8. d5 Na5 9. Nc1 e6 10. Be2 exd5 11. cxd5 a6 12. O-O b5 13. Qd2 Re8 14. Rb1 Bd7 15. b3 Rc8 16. Nd1 c4 17. Bd4 Qc7 18. b4 c3 19. Nxc3 Nc4 20. Bxc4 Qxc4 21. N1e2 Qc7 22. Rfc1 Qb7 23. Nd1 Rxc1 24. Rxc1 Rc8 25. Rxc8+ Qxc8 26. Ne3 h5 27. Qc3 Qd8 28. e5 dxe5 29. Bxe5 Qb6 30. Bd4 Qd8 31. Be5 Qb6 32. Kf1 h4 33. Qd4 Qxd4 34. Bxd4 Ne8 35. Bc5 f5 36. Nf4 Kf7 37. Nd3 g5 38. g3 hxg3 39. hxg3 Nc7 40. Bb6 Ne8 41. Bc5 Nc7 42. f4 gxf4 43. gxf4 Ke8 44. d6 Ne6 45. Nxf5 Bc3 46. Ne3 a5 47. Nd5 axb4 48. Bxb4 Bxb4 49. N3xb4 Nd4 50. Nd3 Bc6 51. Nf6+ Kf7 52. d7 Ke7 53. Ne5 b4 54. Kf2 b3 55. axb3 Bxd7 56. Nfxd7 Nxb3 57. Ke3 Ke6 58. Nb6 Kf5 59. Nd5 Nc5 60. Ne7+ Ke6 61. N7c6 Kf6 62. Nd4 Nb7 63. Ng4+ Kf7 64. Ke4 Nd6+ 65. Kd5 Nc8 66. Ne5+ Kf6 67. Nd7+ Ke7 68. Nc5 Kf6 69. Ne4+ Ke7 70. Nc6+ Kd7 71. Nc5+ Ke8 72. Ke6 Nb6 73. Ne4 Kf8 74. f5 Na8 75. Kd6 Nb6 76. Ne5 Nc8+ 77. Ke6 Na7 78. Nd6 Kg8 79. f6 1-0

[Event "9th Holuj-Radzikowska Rapid 19"]
[Site "Wroclaw"]
[Date "2019.12.07"]
[Round "6"]
[White "Badelka, Olga"]
[Black "Zawadzka, Jolanta"]
[Result "1-0"]
[ECO "A20"]
[WhiteElo "2399"]
[BlackElo "2400"]
[Annotator "NA"]
[PlyCount "129"]
[EventDate "2019.12.06"]
[EventType "team-tourn"]
[EventCountry "POL"]
[SourceTitle "playchess.com"]
[Source "ChessBase"]
[SourceQuality "1"]
[WhiteTeam "Team World"]
[BlackTeam "Team Poland"]
[TimeControl "900+10"]

1. c4 e5 2. g3 c6 3. Nf3 e4 4. Nd4 Qb6 5. e3 Nf6 6. Nc3 d5 7. cxd5 cxd5 8. d3 Bb4 9. Bg2 Bg4 10. Qa4+ Nc6 11. Nxc6 bxc6 12. dxe4 Nxe4 13. O-O O-O 14. Nxe4 dxe4 15. a3 Bd6 16. Bxe4 Bh3 17. Rd1 Rad8 18. Bd2 Qxb2 19. Ba5 Rc8 20. Qc4 Qf6 21. Bc3 Be5 22. Bxe5 Qxe5 23. Rac1 Be6 24. Qd4 Qa5 25. Qc5 Qa6 26. Rd4 g6 27. h4 Rc7 28. h5 Qb6 29. Qe5 c5 30. Rd6 Qb3 31. hxg6 hxg6 32. Bxg6 fxg6 33. Rxe6 Rg7 34. Re8 Rxe8 35. Qxe8+ Kh7 36. Rxc5 Rf7 37. Rc1 Qa2 38. Rf1 Kg7 39. a4 Qd5 40. Qb5 Qe6 41. Rb1 Qe4 42. Qb4 Qf5 43. Qd4+ Kh7 44. e4 Qc8 45. e5 Qe6 46. Rd1 Re7 47. Qd6 Qf7 48. Re1 Re6 49. Qd4 Qe7 50. Qh4+ Qxh4 51. gxh4 Kh6 52. Kg2 Kh5 53. Kg3 g5 54. hxg5 Kxg5 55. f4+ Kf5 56. Rh1 Ke4 57. Rh5 Rg6+ 58. Rg5 Rxg5+ 59. fxg5 Kxe5 60. Kg4 Ke6 61. Kh5 Kf7 62. Kh6 Kg8 63. a5 Kh8 64. a6 Kg8 65. Kg6 1-0

[Event "9th Holuj-Radzikowska Rapid 19"]
[Site "Wroclaw"]
[Date "2019.12.07"]
[Round "6"]
[White "Majdan, Joanna"]
[Black "Zatonskih, Anna"]
[Result "1-0"]
[ECO "C02"]
[WhiteElo "2336"]
[BlackElo "2420"]
[Annotator "NA"]
[PlyCount "93"]
[EventDate "2019.12.06"]
[EventType "team-tourn"]
[EventCountry "POL"]
[SourceTitle "playchess.com"]
[Source "ChessBase"]
[SourceQuality "1"]
[WhiteTeam "Team Poland"]
[BlackTeam "Team World"]
[TimeControl "900+10"]

1. e4 e6 2. d4 d5 3. e5 c5 4. c3 Qb6 5. Nf3 Bd7 6. Na3 Nc6 7. Nc2 cxd4 8. cxd4 Nb4 9. Ne3 Bb5 10. g3 Ne7 11. a3 Bxf1 12. Kxf1 Nbc6 13. Kg2 Na5 14. Qa4+ Nac6 15. Bd2 Qa6 16. Qxa6 bxa6 17. Rhc1 h6 18. h4 Kd7 19. b4 Nc8 20. Nd1 Nb6 21. Nb2 Be7 22. Bc3 Rhb8 23. Nd2 Kd8 24. Nb3 Rc8 25. Rc2 Rab8 26. Rac1 Kd7 27. f4 g6 28. g4 h5 29. Kg3 hxg4 30. Kxg4 Rh8 31. Be1 Rbc8 32. Bf2 Rh5 33. Nd3 Nc4 34. Nbc5+ Bxc5 35. Nxc5+ Kd8 36. Nxa6 Ne7 37. a4 Nf5 38. Rc3 Ke7 39. b5 Rch8 40. Rxc4 dxc4 41. Rxc4 Kd8 42. Rc7 Nxh4 43. Rxa7 Nf5 44. b6 Rh3 45. Ra8+ Kd7 46. Rxh8 Rxh8 47. b7 1-0